General information
- name: BNet
- type: Ladder team game (AT/RT)
- host: Battle.net
- saver: ICE-CREAM-MAN
map: MarketSquare
- players: 8
- length: 12:08
- speed: Fast
- version: 1.26 W3XP
- replay type: Public
» download(102 KB)
Players
team 1 (loser)
Zerdel.x (
yellow | 56 APM | 675 actions | 12:04)
3 Mountain King
2 Storm Bolt
1 Bash
» actions
| Basic commands | 1 | |
| Build / train | 33 | |
| Enter build submenu | 21 | |
| Enter hero's abilities submenu | 3 | |
| Remove unit from queue | 3 | |
| Right click | 400 | |
| Select / deselect | 182 | |
| Use ability | 32 | |
675 total
» units
| Peasant | 8 | |
| Footman | 4 | |
| Mortar Team | 3 | |
| Rifleman | 4 | |
19 total
» upgrades
» buildings
| Lumber Mill | 1 | |
| Altar of Kings | 1 | |
| Farm | 4 | |
| Scout Tower | 3 | |
| Barracks | 1 | |
| Guard Tower | 1 | |
| Keep | 1 | |
| Blacksmith | 1 | |
| Arcane Vault | 1 | |
| Workshop | 2 | |
| Castle | 1 | |
17 total
» build order
00:10 Lumber Mill
00:15 Altar of Kings
01:04 Farm
02:12 Farm
02:24 Scout Tower
02:30 Barracks
02:59 Guard Tower
03:41 Scout Tower
05:44 Farm
06:04 Keep
06:17 Farm
06:30 Blacksmith
06:58 Arcane Vault
08:14 Scout Tower
08:30 Workshop
08:32 Workshop
11:14 Castle
» items
| Scroll of Regeneration | 1 | |
| Potion of Healing | 2 | |
| Scroll of Town Portal | 1 | |
4 total

»
Phasez (
teal | 64 APM | 770 actions | 11:57)
3 Blademaster
2 Wind Walk
1 Mirror Image
» actions
| Assign group hotkey | 1 | |
| Basic commands | 23 | |
| Build / train | 32 | |
| Enter build submenu | 11 | |
| Enter hero's abilities submenu | 3 | |
| Right click | 522 | |
| Select / deselect | 154 | |
| Select group hotkey | 1 | |
| Use ability | 23 | |
770 total
» units
| Peon | 6 | |
| Grunt | 2 | |
| Troll Headhunter/Berserker | 14 | |
| Shaman | 1 | |
23 total
» upgrades
| Troll Regeneration | 1 | |
| Ranged Weapons | 1 | |
| Armor | 1 | |
| Shaman Training | 1 | |
4 total
» buildings
| Altar of Storms | 1 | |
| Orc Burrow | 5 | |
| Barracks | 2 | |
| War Mill | 1 | |
| Stronghold | 1 | |
| Spirit Lodge | 1 | |
11 total
» build order
00:07 Altar of Storms
00:13 Orc Burrow
00:33 Barracks
01:26 War Mill
02:29 Orc Burrow
03:12 Stronghold
03:44 Orc Burrow
05:19 Barracks
06:29 Orc Burrow
07:20 Spirit Lodge
08:00 Orc Burrow
c0tt0nm0uth (
pink | 177 APM | 1987 actions | 11:12)
4 Pandaren Brewmaster
3 Breath of Fire
1 Drunken Brawler
» actions
| Assign group hotkey | 111 | |
| Basic commands | 36 | |
| Build / train | 66 | |
| Enter build submenu | 15 | |
| Enter hero's abilities submenu | 4 | |
| Right click | 837 | |
| Select / deselect | 205 | |
| Select group hotkey | 605 | |
| Use ability | 108 | |
1987 total
» units
» upgrades
» buildings
| Lumber Mill | 1 | |
| Barracks | 1 | |
| Farm | 6 | |
| Altar of Kings | 1 | |
| Scout Tower | 5 | |
| Arcane Tower | 3 | |
| Arcane Vault | 1 | |
| Keep | 3 | |
| Guard Tower | 9 | |
| Castle | 1 | |
31 total
» build order
00:11 Lumber Mill
00:18 Barracks
00:21 Farm
01:02 Altar of Kings
01:26 Farm
01:38 Scout Tower
01:50 Farm
02:14 Arcane Tower
02:14 Arcane Tower
02:29 Farm
04:13 Arcane Vault
06:11 Scout Tower
06:11 Keep
06:12 Keep
06:12 Keep
06:26 Farm
06:26 Farm
06:37 Scout Tower
06:37 Scout Tower
06:42 Guard Tower
07:19 Guard Tower
07:19 Guard Tower
07:19 Guard Tower
08:48 Castle
09:04 Scout Tower
09:13 Guard Tower
09:13 Guard Tower
09:13 Guard Tower
» items
| Scroll of Regeneration | 4 | |
| Lesser Clarity Potion | 10 | |
14 total

»
Charro (
orange | 31 APM | 379 actions | 12:07)
3 Demon Hunter
2 Immolation
1 Evasion
2 Priestess of the Moon
1 Searing Arrows
1 Trueshot Aura
» actions
| Build / train | 35 | |
| Enter build submenu | 15 | |
| Enter hero's abilities submenu | 5 | |
| Right click | 183 | |
| Select / deselect | 108 | |
| Use ability | 33 | |
379 total
» units
| Wisp | 11 | |
| Archer | 3 | |
| Huntress | 6 | |
| Druid of the Claw | 3 | |
23 total
» upgrades
| Upgrade Moon Glaive | 1 | |
| Druid of the Claw Training | 2 | |
3 total
» buildings
| Altar of Elders | 1 | |
| Ancient of War | 1 | |
| Moon Well | 9 | |
| Hunter's Hall | 1 | |
| Tree of Ages | 1 | |
| Tree of Eternity | 1 | |
| Ancient of Lore | 3 | |
17 total
» build order
00:10 Altar of Elders
00:15 Ancient of War
00:26 Moon Well
01:31 Moon Well
02:45 Moon Well
02:59 Hunter's Hall
03:43 Moon Well
03:49 Tree of Ages
05:02 Moon Well
06:37 Moon Well
06:39 Tree of Eternity
07:37 Moon Well
09:03 Ancient of Lore
09:06 Ancient of Lore
09:12 Ancient of Lore
09:18 Moon Well
10:39 Moon Well
team 2 (winner)
hahayoo (
red | 54 APM | 655 actions | 12:08)
2 Archmage
1 Summon Water Elemental
1 Blizzard
» actions
| Basic commands | 7 | |
| Build / train | 35 | |
| Enter build submenu | 16 | |
| Enter hero's abilities submenu | 2 | |
| Remove unit from queue | 1 | |
| Right click | 317 | |
| Select / deselect | 242 | |
| Use ability | 35 | |
655 total
» units
| Peasant | 12 | |
| Footman | 6 | |
| Rifleman | 2 | |
| Priest | 2 | |
| Knight | 3 | |
25 total
» upgrades
| Swords | 2 | |
| Plating | 1 | |
| Animal War Training | 1 | |
| Priest Training | 1 | |
5 total
» buildings
| Altar of Kings | 1 | |
| Farm | 8 | |
| Barracks | 2 | |
| Lumber Mill | 1 | |
| Blacksmith | 1 | |
| Keep | 1 | |
| Castle | 1 | |
| Arcane Sanctum | 1 | |
16 total
» build order
00:15 Altar of Kings
00:21 Farm
01:03 Farm
01:40 Barracks
02:06 Farm
02:12 Barracks
02:32 Lumber Mill
02:50 Blacksmith
03:29 Farm
04:33 Keep
05:41 Farm
06:21 Farm
06:54 Castle
07:04 Arcane Sanctum
08:04 Farm
10:45 Farm
ICE-CREAM-MAN (
blue | 77 APM | 941 actions | 12:08)
4 Mountain King
2 Storm Bolt
2 Bash
3 Paladin
2 Holy Light
1 Divine Shield
» actions
| Assign group hotkey | 15 | |
| Build / train | 48 | |
| Enter build submenu | 15 | |
| Enter hero's abilities submenu | 7 | |
| Give item / drop item | 1 | |
| Right click | 451 | |
| Select / deselect | 99 | |
| Select group hotkey | 262 | |
| Use ability | 43 | |
941 total
» units
| Peasant | 8 | |
| Footman | 7 | |
| Gryphon Rider | 3 | |
18 total
» upgrades
| Lumber Harvesting | 1 | |
| Animal War Training | 1 | |
| Swords | 1 | |
| Armor | 1 | |
| Storm Hammers | 1 | |
5 total
» buildings
| Altar of Kings | 1 | |
| Barracks | 1 | |
| Farm | 10 | |
| Scout Tower | 1 | |
| Arcane Vault | 1 | |
| Arcane Tower | 1 | |
| Keep | 2 | |
| Blacksmith | 1 | |
| Lumber Mill | 1 | |
| Castle | 4 | |
| Gryphon Aviary | 2 | |
25 total
» build order
00:12 Altar of Kings
00:21 Barracks
00:36 Farm
00:51 Farm
01:34 Farm
01:44 Scout Tower
02:22 Arcane Vault
02:27 Arcane Tower
03:20 Farm
03:46 Keep
03:47 Keep
04:36 Blacksmith
04:38 Lumber Mill
04:42 Farm
04:43 Farm
04:43 Farm
04:43 Farm
06:15 Castle
06:16 Castle
06:16 Castle
06:45 Gryphon Aviary
07:00 Gryphon Aviary
07:26 Farm
07:26 Farm
» items
| Scroll of Regeneration | 2 | |
| Lesser Clarity Potion | 2 | |
| Staff of Teleportation | 1 | |
5 total
URDaDisFAT (
purple | 76 APM | 921 actions | 12:08)
3 Keeper of the Grove
1 Force of Nature
2 Entangling Roots
3 Priestess of the Moon
1 Searing Arrows
2 Trueshot Aura
» actions
| Assign group hotkey | 19 | |
| Build / train | 36 | |
| Enter build submenu | 11 | |
| Enter hero's abilities submenu | 6 | |
| Right click | 650 | |
| Select / deselect | 153 | |
| Select group hotkey | 15 | |
| Use ability | 31 | |
921 total
» units
| Wisp | 11 | |
| Archer | 6 | |
| Huntress | 4 | |
| Druid of the Talon | 4 | |
25 total
» upgrades
| Druid of the Talon Training | 1 | |
| Improved Bows | 1 | |
2 total
» buildings
| Altar of Elders | 1 | |
| Moon Well | 5 | |
| Ancient of War | 2 | |
| Tree of Ages | 1 | |
| Hunter's Hall | 1 | |
| Ancient of Wind | 2 | |
12 total
» build order
00:21 Altar of Elders
00:25 Moon Well
01:20 Ancient of War
02:00 Moon Well
02:21 Ancient of War
02:55 Moon Well
03:38 Tree of Ages
04:35 Hunter's Hall
06:07 Ancient of Wind
06:16 Moon Well
06:51 Ancient of Wind
09:51 Moon Well
orcs89 (
green | 24 APM | 292 actions | 12:08)
2 Archmage
1 Blizzard
1 Brilliance Aura
» actions
| Build / train | 36 | |
| Enter build submenu | 15 | |
| Enter hero's abilities submenu | 2 | |
| Right click | 120 | |
| Select / deselect | 104 | |
| Use ability | 15 | |
292 total
» units
| Peasant | 7 | |
| Footman | 9 | |
| Mortar Team | 6 | |
| Rifleman | 4 | |
26 total
» upgrades
| Masonry | 1 | |
| Gunpowder | 2 | |
| Lumber Harvesting | 1 | |
4 total
» buildings
| Altar of Kings | 1 | |
| Farm | 5 | |
| Barracks | 1 | |
| Scout Tower | 3 | |
| Lumber Mill | 1 | |
| Arcane Tower | 1 | |
| Arcane Vault | 1 | |
| Keep | 1 | |
| Blacksmith | 1 | |
| Workshop | 2 | |
| Cannon Tower | 1 | |
18 total
» build order
00:09 Altar of Kings
00:15 Farm
00:21 Barracks
01:16 Scout Tower
01:47 Farm
02:08 Lumber Mill
02:30 Farm
02:50 Arcane Tower
03:16 Arcane Vault
04:22 Keep
05:02 Farm
05:49 Blacksmith
07:16 Farm
07:41 Workshop
08:41 Scout Tower
09:34 Cannon Tower
09:41 Workshop
10:05 Scout Tower
Chat log
(00:38 / Allies) orcs89: rush
(00:53 / Allies) URDaDisFAT: micro
(05:39 / Allies) ICE-CREAM-MAN: step ur game up red
(07:23 / Allies) URDaDisFAT: go
(09:21 / Allies) URDaDisFAT: go
(09:42 / Allies) URDaDisFAT: altar
(09:57 / Allies) ICE-CREAM-MAN: peons....
(10:05 / All) URDaDisFAT: gg pink
(10:14 / All) URDaDisFAT: leave
(10:19 / All) c0tt0nm0uth: its sad
(10:21 / All) c0tt0nm0uth: you talk shit
(10:33 / All) c0tt0nm0uth: i would have left
(10:35 / All) c0tt0nm0uth: had you not
(10:56 / All) c0tt0nm0uth: and get your keeper surround more
(10:58 / Allies) URDaDisFAT: heal me
(10:59 / Allies) URDaDisFAT: blue
(11:00 / Allies) URDaDisFAT: heal me
(11:03 / All) c0tt0nm0uth: without a disable you scrub
(11:04 / Allies) URDaDisFAT: ty
(11:09 / All) c0tt0nm0uth: then talk shit
(11:09 / All) URDaDisFAT: cry more
(11:29 / All) ICE-CREAM-MAN: i wish i knew pinks alt
(11:30 / All) ICE-CREAM-MAN: played him before
(11:52 / Allies) ICE-CREAM-MAN: urmomisfat?